 Dungeon Crawl Stone Soup version 0.31-a0-1082-g7d1fb776a8 (webtiles) character file.

Game seed: 6469574751581170531

98 Gumption the Gusty (level 4, -3/36 HPs)
             Began as a Draconian Air Elementalist on Nov 27, 2023.
             Slain by an orc
             ... wielding a +0 mace
              (5 damage)
             ... on level 3 of the Dungeon.
             The game lasted 00:19:21 (3325 turns).

Gumption the Gusty (Draconian Air Elementalist)     Turns: 3325, Time: 00:19:21

Health: -3/36      AC:  6    Str: 10    XL:     4   Next: 43%
Magic:  4/7        EV: 12    Int: 17    God:
Gold:   45         SH:  0    Dex: 12    Spells: 5/8 levels left

rFire   . . .        a - +0 dagger
rCold   . . .        (no shield)
rNeg    . . .        (body armour unavailable)
rPois   .            (helmet restricted)
rElec   .            (no cloak)
rCorr   .            n - +0 pair of gloves
SInv    .            (no boots)
Will    .....        (no amulet)
Stlth   +            (no ring)
HPRegen 0.26/turn    (no ring)
MPRegen 0.10/turn

%: no passive effects
@: confused
A: AC +5, unfitting armour, cold-blooded
a: no special abilities


You were on level 3 of the Dungeon.
You visited 1 branch of the dungeon, and saw 3 of its levels.

You collected 45 gold pieces.

Inventory:

Hand Weapons
 a - a +0 dagger (weapon)
 e - a +0 spear
Missiles
 f - 27 stones
Armour
 n - a +0 pair of gloves (worn)
Jewellery
 p - a ring of fire
Scrolls
 b - a scroll of teleportation
 d - 2 scrolls of identify {unknown}
 j - a scroll of immolation {unknown}
 l - a scroll of enchant weapon {unknown}
 o - a scroll of blinking {unknown}
Potions
 c - a potion of resistance {unknown}
 g - 2 potions of brilliance {unknown}
 h - a potion of magic
 i - a potion of lignification {unknown}
 k - 3 potions of heal wounds {unknown}
 m - 3 potions of curing {unknown}


   Skills:
 + Level 1.8 Fighting
 - Level 1.7 Dodging
 - Level 1.7 Stealth
 + Level 2.5 Spellcasting
 + Level 2.0 Conjurations
 * Level 4.0 Air Magic


You had 5 spell levels left.
You knew the following spells:

 Your Spells              Type           Power      Damage    Failure   Level
a - Shock                 Conj/Air       48%        1d6       5%          1
b - Static Discharge      Conj/Air       24%        3-4/arc   8%          2

Your spell library contained the following spells:

 Spells                   Type           Power      Damage    Failure   Level
 Swiftness                Air            16%        N/A       11%         3
 Dazzling Flash           Conj/Hex       10%        N/A       34%         3
 Airstrike                Air            8%         2d(2-18)  34%         4
 Silence                  Hex/Air        4%         N/A       91%         5
 Agony                    Necr           2%         N/A       99%         5


Dungeon Overview and Level Annotations

Branches:
Dungeon (3/15)

Altars:
Xom

Shops:
D:2 =


Innate Abilities, Weirdness & Mutations

Your plain brown scales are hard. (AC +5)
You cannot fit into any form of body armour.
You are cold-blooded and may be slowed by cold attacks.


Message History

The orc priest miscasts a cantrip.
The orc shouts!
You're too confused to cast spells.
Unknown command.
The orc wizard casts a spell.
The orc wizard flickers and vanishes!
Deactivating autopickup; reactivate with Ctrl-A.
The orc priest attacks as it pursues you!
The orc priest hits you with a +0 short sword.
The orc priest barely misses you. The orc hits you with a +0 mace.
You hear some strange, mumbled words.
A puff of flame appears from out of thin air!
The puff of flame hits you!
* * * LOW HITPOINT WARNING * * *
The orc priest hits you but does no damage.
You hit the orc priest.
You kill the orc priest!
The orc hits you with a +0 mace.
* * * LOW HITPOINT WARNING * * *
Something hits you but does no damage.
Your Conjurations skill increases to level 2!
Your Air Magic skill increases to level 4!
You miss something.
You feel less confused. The orc hits you with a +0 mace.
* * * LOW HITPOINT WARNING * * *
You hear some strange, mumbled words.
You are confused.
You're too confused to move!
The orc closely misses you. Something hits you but does no damage.
You're too confused to move!
The orc closely misses you.
You hear some strange, mumbled words.
A puff of flame appears from out of thin air!
The puff of flame hits you.
* * * LOW HITPOINT WARNING * * *
You hit something.
Reactivating autopickup.
You feel a bit more experienced. The orc hits you with a +0 mace.
You die...

..##........##.#...#.............
#...o.......##..#....###.........
###o...............### #.#......#
[...#..#...o..........##.#.###.##
.####.##.###.##....##..#...###.##
..# .# #.##.##.###.#.###...## ###
.# #..#.#........# #...##
.####..o).#.#....###...##
........@)...###.......##
.......####............## .....#.
#.########....# .... #. #..###
#....# ### #. ##...# #..... ##
###.# #<..## #.# ######
#####.######....
.#..........#....


You could see an orc.

Vanquished Creatures
  An orc priest (D:3)
  An orc wizard (D:3)
  An adder (D:3)
  4 dart slugs
  An orc (D:2)
  5 endoplasms
  2 giant cockroaches (D:3)
  2 goblins (D:1)
  6 hobgoblins
  7 jackals (D:1)
  3 kobolds
  A quokka (D:1)
  3 ball pythons (D:1)
  5 bats
  4 rats
46 creatures vanquished.

Notes
Turn   | Place    | Note
-------+----------+-------------------------------------------
     0 | D:1      | Gumption the Draconian Air Elementalist began the quest for
                  | the Orb.
     0 | D:1      | Reached XP level 1. HP: 14/14 MP: 3/3
   458 | D:1      | Reached XP level 2. HP: 22/22 MP: 0/5
   594 | D:1      | Learned a level 2 spell: Static Discharge
   910 | D:1      | Reached skill level 1 in Fighting
  1424 | D:1      | Reached XP level 3. HP: 28/28 MP: 1/6
  2221 | D:2      | Found Kegivy's Jewellery Shoppe.
  2352 | D:2      | Found a shimmering altar of Xom.
  3186 | D:2      | Reached XP level 4. HP: 26/35 MP: 0/7
  3322 | D:3      | Reached skill level 4 in Air Magic
  3325 | D:3      | Slain by an orc

Illustrated notes

Levels and vault maps discovered:
D:1:      evilmike_arrival_fibonacci_small, layout_loops_corners,
          chequers_big_river
D:2:      layout_basic, basic_altar, serial_shops, shop
D:3:      layout_rooms

Skill      XL: |  1  2  3  4 |
---------------+-------------+-----
Fighting       | 1 |  1.8
Conjurations   | 2 |  2.0
Air Magic      | 4 |  4.0
Dodging        | |  1.7
Stealth        | |  1.7
Spellcasting   | |  2.5

Action                     |  1- 3 |  4- 6 || total
---------------------------+-------+-------++-------
  Melee: Dagger            |    28 |     3 ||    31
         Unarmed           |     2 |       ||     2
         Tailslap          |     4 |       ||     4
   Cast: Shock             |   109 |     4 ||   113
    Use: Scroll            |     1 |       ||     1
 Armour: Skin              |    47 |    12 ||    59
  Dodge: Dodged            |    69 |     3 ||    72

Table legend: (Time is in decaauts)
 A = Elapsed time spent in this place.
 B = Non-inter-level travel time spent in this place.
 C = Inter-level travel time spent in this place.
 D = Time resting spent in this place.
 E = Time spent auto-exploring this place.
 F = Levels seen in this place.
 G = Mean time per level.
                   A        B        C        D        E       F      G
               +--------+--------+--------+--------+--------+-----+--------+
         Total |   3341 |   3233 |    108 |   1004 |    828 |   3 | 1113.7 |
       Dungeon |   3341 |   3233 |    108 |   1004 |    828 |   3 | 1113.7 |
               +--------+--------+--------+--------+--------+-----+--------+

Top non-repeatable levels by time:
     D:1: 2127 daAuts
     D:2: 824 daAuts
     D:3: 389 daAuts
